 Dungeon Crawl Stone Soup version 0.31.0-11-ge490571c62 (webtiles) character file.

Game seed: 10968433493382321650

12353 shadizar the Geomancer (level 11, -7/71 HPs)
             Began as a Gargoyle Earth Elementalist on Feb 3, 2024.
             Was a High Priest of Makhleb.
             Collided with a rock wall (12 damage)
             ... after being knocked back by a rakshasa (illusionary)
             ... on level 10 of the Dungeon.
             The game lasted 00:24:59 (11494 turns).

shadizar the Geomancer (GrEE)                      Turns: 11494, Time: 00:24:59

Health: -7/71      AC: 16    Str: 19    XL:     11   Next: 92%
Magic:  14/20      EV: 11    Int: 24    God:    Makhleb [*****.]
Gold:   752        SH: 13    Dex:  8    Spells: 18/22 levels left

rFire   + . .        f - staff of fire
rCold   . . .        P - +0 kite shield
rNeg    + + .        H - +2 robe {rN+}
rPois   ∞            w - +0 helmet
rElec   +            (no cloak)
rCorr   +            (no gloves)
SInv    .            d - +1 pair of boots
Will    .....        x - amulet of reflection
Stlth   ++           i - ring of resist corrosion
HPRegen 0.31/turn    e - ring of Springtime {Str+6 Int+5 Dex-2}
MPRegen 0.17/turn

%: reflection
@: no status effects
A: sickness immunity, AC +8, negative energy resistance 1, electricity
resistance, torment resistance 1, petrification resistance
a: Renounce Religion, Minor Destruction, Lesser Servant of Makhleb, Major
Destruction, Greater Servant of Makhleb


You were on level 10 of the Dungeon.
You worshipped Makhleb.
Makhleb was extremely pleased with you.
You visited 2 branches of the dungeon, and saw 11 of its levels.

You collected 752 gold pieces.

Inventory:

Hand Weapons
 N - a +3 mace
Armour
 d - a +1 pair of boots (worn)
 w - a +0 helmet (worn)
 H - a +2 robe of positive energy (worn)
 M - a +1 ring mail of fire resistance
 P - a +0 kite shield (worn)
Magical Staves
 f - a staff of fire (weapon)
Jewellery
 e - the ring of Springtime (right hand) {Str+6 Int+5 Dex-2}
   (You acquired it on level 9 of the Dungeon)

   [ring of strength]

   Str+6:     It affects your strength (+6).
   Int+5:     It affects your intelligence (+5).
   Dex-2:     It affects your dexterity (-2).
 i - a ring of resist corrosion (left hand)
 l - a +6 ring of intelligence
 x - an amulet of reflection (around neck)
 E - an amulet of magic regeneration
 F - a ring of ice
 O - a ring of protection from fire
Wands
 y - a wand of mindburst (21)
 C - a wand of charming (12)
 K - a wand of polymorph (7)
 L - a wand of light (4)
Scrolls
 g - 7 scrolls of teleportation
 h - a scroll of revelation {unknown}
 j - a scroll of blinking
 k - 2 scrolls of vulnerability
 n - 2 scrolls of noise
 q - a scroll of poison
 s - a scroll of amnesia
 I - 2 scrolls of immolation
 J - a scroll of fear
Potions
 a - 2 potions of curing
 b - 2 potions of magic
 c - 2 potions of invisibility
 m - a potion of mutation
 p - a potion of heal wounds
 r - a potion of berserk rage
 t - 4 potions of haste
 z - 4 potions of might {unknown}
 B - a potion of experience {unknown}
 D - 2 potions of degeneration {unknown}


   Skills:
 + Level 9.4 Fighting
 + Level 7.2 Armour
 - Level 4.5 Dodging
 - Level 2.1 Stealth
 + Level 4.4 Shields
 + Level 6.4 Spellcasting
 + Level 9.3 Conjurations
 + Level 0.0 Fire Magic
 + Level 10.8 Earth Magic


You had 18 spell levels left.
You knew the following spells:

 Your Spells              Type           Power      Damage    Failure   Level
a - Sandblast             Erth           100%       2d20      1%          1
b - Stone Arrow           Conj/Erth      100%       3d13      1%          3

Your spell library contained the following spells:

 Spells                   Type           Power      Damage    Failure   Level
 Passwall                 Erth           56%        N/A       1%          3
 Brom's Barrelling Bould  Conj/Erth      54%        2d7       3%          4
 Hailstorm                Conj/Ice       30%        3d8       9%          3
 Iskenderun's Battlesphe  Conj           51%        2d10      11%         5
 Freeze                   Ice            28%        1d5       19%         1
 Petrify                  Alch/Erth      33%        N/A       21%         4
 Frozen Ramparts          Ice            14%        1d3       50%         3
 Gell's Gravitas          Tloc           7%         N/A       50%         3
 Teleport Other           Tloc           7%         N/A       50%         3
 Fireball                 Conj/Fire      22%        3d10      58%         5
 Orb of Destruction       Conj           25%        9d9       98%         7
 Conjure Ball Lightning   Conj/Air       15%        3x3d6     99%         6
 Dispersal                Tloc           3%         N/A       100%        6


Dungeon Overview and Level Annotations

Branches:
Dungeon (10/15)            Temple (1/1) D:5             Orc (0/2) D:9
   Lair: D:8-11

Altars:
Ashenzari
Cheibriados
Dithmenos
Elyvilon
Fedhas
Gozag
Kikubaaqudgha
Makhleb
Nemelex Xobeh
Okawaru
Qazlal
Ru
Sif Muna
Trog
Uskayaw
Vehumet
Wu Jian
Xom
Yredelemnul
Zin
The Shining One

Shops:
D:7 *   D:9 ?


Innate Abilities, Weirdness & Mutations

You are immune to sickness and miasma.
Your stone body is resilient. (AC +8)
You are immune to poison.
You resist negative energy. (rN+)
You are resistant to electric shocks. (rElec)
You are resistant to unholy torment.
You are immune to petrification.


Message History

You open the door.
There is an open door here.
You open the door.
There is an open door here.
A rakshasa comes into view. It is wielding a +0 whip.
Found a stone staircase leading up.
The blast of sand hits the rakshasa!
The rakshasa is lightly wounded.
The rakshasa gestures at you.
You block the lance of force... and reflect it back!
The lance of force hits the rakshasa!!
The rakshasa is knocked back by the lance of force.
The blast of sand hits the rakshasa but does no damage.
The rakshasa is severely wounded.
The blast of sand misses the rakshasa.
The blast of sand hits the rakshasa but does no damage.
The rakshasa is severely wounded.
The rakshasa gestures at you. The lance of force hits you!
You are knocked back by the lance of force.
The blast of sand hits the rakshasa.
The rakshasa is severely wounded.
The injured rakshasa weaves a defensive illusion!
The blast of sand hits the rakshasa but does no damage.
The rakshasa is severely wounded.
The blast of sand hits the rakshasa!
The rakshasa is almost dead.
The blast of sand hits the rakshasa but does no damage.
The rakshasa is almost dead.
The rakshasa gestures at you. The lance of force hits you!!
You are knocked back by the lance of force.
You slam into the rock wall!
* * * LOW HITPOINT WARNING * * *
The rakshasa gestures at you. The lance of force hits you!
* * * LOW HITPOINT WARNING * * *
You are knocked back by the lance of force.
You slam into the rock wall!
You die...

...†......#######.........#
....#######.....#.........#
....#...........#..######.#
....#...........#..#
....'...........#..#
....#...........#.##### .#
....+...........#.# ..###.###
....#......###'##R###........
....##'#####....@.R..........
.............######R.........
...########..#....#.........<
...# #..#....#.......... ...#
#..#....'.......... ...#
#..#....#..........
...########>.#....#..........
.............######....######
.......................#


You could see 3 rakshasas.

Vanquished Creatures
  A two-headed ogre (D:9)
  Pikel (D:7)
  A cyclops (D:8)
  2 unseen horror zombies (D:8)
  2 trolls
  A hornet (D:8)
  Grinder (D:4)
  A shadow (D:10)
  11 yaks
  2 wraiths
  3 wyverns
  A steam dragon (D:8)
  2 water moccasins
  Duvessa (D:6)
  A sky beast (D:7)
  9 orc warriors
  2 black bears
  5 ogres
  An ice beast (D:5)
  A wolf (D:8)
  A centaur (D:7)
  A phantom (D:4)
  A lemure (D:7)
  3 kobold brigands
  2 wyvern zombies (D:8)
  4 bullfrogs
  5 gnoll sergeants (D:8)
  A scorpion (D:5)
  A burial acolyte (D:5)
  15 wights
  Dowan (D:6)
  19 killer bees
  12 howler monkeys
  4 electric eels (D:7)
  A bombardier beetle (D:6)
  2 centaur zombies (D:8)
  2 jellies
  9 orc priests
  8 hounds
  2 gnoll boudas (D:8)
  4 sleepcaps
  5 iguanas
  8 orc wizards
  2 killer bee zombies (D:8)
  A hound zombie (D:5)
  2 howler monkey zombies (D:8)
  10 gnolls
  4 adders
  2 shadow imps (D:5)
  2 adder zombies (D:5)
  3 dart slugs
  A ribbon worm (D:4)
  63 orcs
  6 ball pythons
  3 bats
  9 endoplasms
  4 giant cockroaches
  2 gnoll zombies (D:5)
  11 goblins
  7 hobgoblins
  4 quokkas
  9 frilled lizards
  24 kobolds
  2 kobold zombies (D:5)
  3 rats (D:3)
334 creatures vanquished.

Vanquished Creatures (others)
  A kobold brigand (D:8)
1 creature vanquished.

Grand Total: 335 creatures vanquished

Notes
Turn   | Place    | Note
-------+----------+-------------------------------------------
     0 | D:1      | shadizar the Gargoyle Earth Elementalist began the quest
                  | for the Orb.
     0 | D:1      | Reached XP level 1. HP: 10/10 MP: 3/3
   137 | D:1      | Found a faded altar of an unknown god.
   264 | D:1      | Reached XP level 2. HP: 15/16 MP: 0/5
   385 | D:1      | Reached skill level 1 in Fighting
   542 | D:1      | Reached skill level 4 in Earth Magic
   787 | D:1      | Reached XP level 3. HP: 20/20 MP: 3/6
  1566 | D:2      | Identified the +0 robe "Riyrofet" {SInv}
  1813 | D:3      | Found a stormy altar of Qazlal.
  1815 | D:3      | Reached XP level 4. HP: 26/26 MP: 5/7
  2663 | D:3      | Found a hide-covered altar of Uskayaw.
  2675 | D:3      | Found a burning altar of Makhleb.
  2682 | D:3      | Became a worshipper of Makhleb the Destroyer
  2744 | D:3      | Learned a level 3 spell: Stone Arrow
  2810 | D:4      | Reached XP level 5. HP: 30/30 MP: 7/9
  3013 | D:4      | Reached skill level 5 in Earth Magic
  3153 | D:4      | Noticed Grinder
  3154 | D:4      | Paralysed by Grinder for 4 turns
  3164 | D:4      | Killed Grinder
  3165 | D:4      | Reached XP level 6. HP: 37/38 MP: 1/10
  3513 | D:4      | Reached skill level 6 in Earth Magic
  3513 | D:4      | Reached XP level 7. HP: 42/43 MP: 1/11
  3613 | D:4      | Found a blossoming altar of Fedhas.
  4031 | D:5      | Entered Level 5 of the Dungeon
  4165 | D:5      | Reached * piety under Makhleb
  4419 | D:5      | Reached skill level 5 in Conjurations
  4495 | D:5      | Found a staircase to the Ecumenical Temple.
  4504 | Temple   | Entered the Ecumenical Temple
  4532 | D:5      | Found an ancient bone altar of Kikubaaqudgha.
  4540 | D:5      | Reached skill level 5 in Fighting
  4742 | D:5      | Reached skill level 7 in Earth Magic
  4742 | D:5      | Reached XP level 8. HP: 49/49 MP: 8/12
  5404 | D:6      | Found a glowing silver altar of Zin.
  5405 | D:6      | Found an opulent altar of Gozag.
  5499 | D:6      | Found a sacrificial altar of Ru.
  5632 | D:6      | Noticed Duvessa
  5636 | D:6      | Noticed Dowan
  5639 | D:6      | Killed Duvessa
  5640 | D:6      | Reached skill level 1 in Armour
  5640 | D:6      | Killed Dowan
  5742 | D:6      | Reached ** piety under Makhleb
  6102 | D:7      | Found Xuhin's Fire Supplies.
  6141 | D:7      | Reached XP level 9. HP: 55/55 MP: 6/14
  6194 | D:7      | Noticed Pikel
  6234 | D:7      | Killed Pikel
  6235 | D:7      | Reached skill level 8 in Earth Magic
  7282 | D:8      | Noticed a hornet
  7291 | D:8      | Killed a hornet
  7292 | D:8      | Reached XP level 10. HP: 47/63 MP: 9/17
  7395 | D:8      | Reached skill level 5 in Spellcasting
  7407 | D:8      | Reached skill level 9 in Earth Magic
  7574 | D:8      | Reached *** piety under Makhleb
  7801 | D:8      | Reached skill level 5 in Armour
  7831 | D:8      | Noticed a cyclops
  8390 | D:8      | Reached **** piety under Makhleb
  8769 | D:8      | Reached skill level 1 in Shields
  8778 | D:8      | Reached XP level 11. HP: 47/68 MP: 9/20
  9371 | D:8      | Killed a cyclops
  9690 | D:9      | Reached skill level 10 in Earth Magic
  9736 | D:9      | Found a white marble altar of Elyvilon.
  9821 | D:9      | Noticed a two-headed ogre
  9935 | D:9      | Killed a two-headed ogre
 10154 | D:9      | Reached ***** piety under Makhleb
 10653 | D:9      | Found Kuromu's Magic Scroll Emporium.
 11095 | D:9      | Found a staircase to the Orcish Mines.
 11155 | D:9      | Identified a scroll of acquirement
 11155 | D:9      | Acquired the ring of Springtime {Str+6 Int+5 Dex-2}
 11192 | D:10     | Entered Level 10 of the Dungeon
 11485 | D:10     | Noticed a rakshasa
 11494 | D:10     | Collided with a rock wall

Illustrated notes

Levels and vault maps discovered:
D:1:      minmay_arrival_doors, layout_basic, serial_curves, eino_curves_02,
          eino_curves_03, shapermc_ecumenical_altar_pompeii
D:2:      layout_rooms, guppyfry_early_orc_mine
D:3:      layout_loops_corners, mainiacjoe_overflow_six_doors_small,
          jmf_multi_god_temple2
D:4:      layout_loops_ring, fedhas_altar_1, dk_noncrumbling_3,
          lightli_minifort, uniq_grinder
D:5:      minmay_skewed_foursquare, layout_basic,
          regret_index_kikubaaqudgha_part_by_part, minmay_temple_entry_trees
D:6:      layout_rooms, grunt_temple_overflow_gold_and_silver,
          mainiacjoe_overflow_alcove_1, minmay_lizard_king, uniq_duvessa
D:7:      layout_gridville, nicolae_shop_fire_sale [nicolae_sub_dead_trees],
          kennysheep_cluttered_room, uniq_pikel
D:8:      lemuel_castle_with_subvaults [lemuel_castle_interior_carwin_2],
          layout_rooms, serial_undead, serial_undead_e, serial_undead_c,
          serial_undead_c, serial_undead_e, serial_undead_a, serial_undead_d,
          serial_undead_e
D:9:      layout_roguey [special_room_orc], mainiacjoe_overflow_alcove_2,
          david_orc_4, serial_shops, nicolae_shop_peninsula,
          kennysheep_generic_room_10
D:10:     layout_irregular_city, nicolae_hepliaklqana_hippocampus,
          grunt_lair_entry_orc_guard_hut, hangedman_glass_teeth,
          minmay_microvault, uniq_grum, uniq_snorg, uniq_gastronok
Temple:   minmay_temple_forest_path

Skill      XL: |  1  2  3  4  5  6  7  8  9 10 11 |
---------------+----------------------------------+-----
Fighting       | 1 2 3 4 5 6 7 8 9 |  9.4
Earth Magic    | 4 5 6 7 8 9 10 | 10.8
Conjurations   | 2 4 5 6 7 8 9 |  9.3
Spellcasting   | 3 4 6 |  6.4
Armour         | 2 4 5 7 |  7.2
Dodging        | 2 3 4 |  4.5
Shields        | 1 4 |  4.4
Stealth        | |  2.1

Action                     |  1- 3 |  4- 6 |  7- 9 | 10-12 || total
---------------------------+-------+-------+-------+-------++-------
  Melee: Unarmed           |     7 |       |       |       ||     7
         Club              |     2 |     3 |       |       ||     5
         Dagger            |       |       |     3 |    25 ||    28
         Mace              |       |       |       |     2 ||     2
   Cast: Sandblast         |    50 |    67 |   167 |   366 ||   650
         Stone Arrow       |       |     1 |     3 |       ||     4
    Use: Potion            |       |     1 |       |     2 ||     3
         Scroll            |       |       |       |    16 ||    16
 Armour: Robe              |     7 |    35 |    78 |   212 ||   332
  Dodge: Dodged            |    15 |    26 |    63 |   160 ||   264
  Block: Other             |       |       |    16 |    32 ||    48
         Reflection        |       |       |     3 |    27 ||    30
         Kite shield       |       |       |       |   174 ||   174
